 Dungeon Crawl Stone Soup version 0.27-a0-1416-g941b2bd30b (webtiles) character file.

Game seed: 13991305517646050267

2785 wesbby the Grappler (level 9, -11/79 (85) HPs)
             Began as a Troll Berserker on July 1, 2021.
             Was a Priest of Trog (penitent).
             Mangled by a two-headed ogre (14 damage)
             ... created by the rage of Trog
             ... on level 6 of the Dungeon.
             The game lasted 00:14:35 (5714 turns).

wesbby the Grappler (Troll Berserker)               Turns: 5714, Time: 00:14:36

HP:   -11/79 (85)   AC:  5    Str: 36    XL:     9   Next: 43%
MP:   8/8           EV: 11    Int:  6    God:    Trog [*]
Gold: 355           SH:  0    Dex:  9    Spells: 7/8 levels left

rFire    . . .     SeeInvis +     - Unarmed
rCold    . . .     Faith    .   (no shield)
rNeg     . . .     Spirit   .   a - +1 animal skin
rPois    .         Reflect  .   (helmet restricted)
rElec    .         Harm     .   n - scarf {+Inv}
rCorr    +         Rampage  .   (gloves unavailable)
Will     .....                  (boots unavailable)
Stlth    +.........             (no amulet)
HPRegen  1.23/turn              l - +6 ring of strength
MPRegen  0.11/turn              e - ring of Gohaele {rCorr Int+3 SInv}

@: drained
A: large, unfitting armour, claws 3, regeneration 1, shaggy fur 1, tough skin 1
a: Renounce Religion, Evoke Invisibility


You were on level 6 of the Dungeon.
You worshipped Trog.
Trog was demanding penance.
You visited 1 branch of the dungeon, and saw 7 of its levels.

You collected 355 gold pieces.

Inventory:

Hand Weapons
 o - a +2 whip of venom
Missiles
 k - 141 stones (quivered)
Armour
 a - a +1 animal skin (worn)
 n - a scarf of invisibility (worn)
Jewellery
 e - the ring of Gohaele (right claw) {rCorr Int+3 SInv}
   (You acquired it on level 5 of the Dungeon)

   [ring of resist corrosion]

   Int:       It affects your intelligence (+3).
   SInv:      It lets you see invisible.
   rCorr:     It protects you from acid and corrosion.
 f - a ring of protection from cold
 l - a +6 ring of strength (left claw)
Wands
 i - a wand of flame (40)
Scrolls
 g - a scroll of enchant armour
 h - 2 scrolls of noise
 j - a scroll of acquirement
 m - 5 scrolls of enchant weapon
 q - 2 scrolls of identify
Potions
 c - 5 potions of ambrosia
 d - 2 potions of brilliance


   Skills:
 + Level 4.4 Fighting
 + Level 5.5 Dodging
 - Level 0.2 Stealth
 * Level 10.9 Unarmed Combat


You had 7 spell levels left.
You knew the following spells:

 Your Spells              Type           Power      Damage    Failure   Level
a - Beastly Appendage     Tmut           0%         N/A       45%         1

Your spell library contained the following spells:

 Spells                   Type           Power      Damage    Failure   Level
 Poisonous Vapours        Pois/Air       0%         N/A       58%         2
 Wereblood                Tmut           0%         N/A       58%         2
 Gell's Gravitas          Tloc           0%         N/A       83%         3
 Inner Flame              Hex/Fire       0%         N/A       83%         3
 Mephitic Cloud           Conj/Pois/Air  0%         N/A       83%         3
 Portal Projectile        Hex/Tloc       0%         N/A       83%         3
 Spider Form              Tmut/Pois      0%         N/A       83%         3
 Stone Arrow              Conj/Erth      0%         3d7       83%         3
 Teleport Other           Tloc           0%         N/A       83%         3
 Cause Fear               Hex            0%         N/A       99%         4
 Blade Hands              Tmut           0%         N/A       100%        5
 Bolt of Magma            Conj/Fire/Erth 0%         4d4       100%        5
 Excruciating Wounds      Necr           0%         N/A       100%        5
 Freezing Cloud           Conj/Ice/Air   0%         6-21      100%        5
 Dispersal                Tloc           0%         N/A       100%        6
 Discord                  Hex            0%         N/A       100%        8
 Shatter                  Erth           0%         3d5*      100%        9


Dungeon Overview and Level Annotations

Branches:
Dungeon (7/15)             Temple (0/1) D:6

Altars:
Cheibriados
Dithmenos
Hepliaklqana
Nemelex Xobeh
Sif Muna
Uskayaw
The Shining One

Shops:
D:1 (

Annotations:
D:7 Harold


Innate Abilities, Weirdness & Mutations

You are too large for most types of armour.
You have claws for hands.
Your natural rate of healing is unusually fast.
You are covered in fur. (AC +1)
You have tough skin. (AC +1)


Message History

The sentinel's mark upon you fades away.
You feel very sick.
There is a stone staircase leading down here.
You claw the killer bee!
The killer bee is severely wounded.
You feel sick. The killer bee closely misses you. The killer bee misses you.
The kobold barely misses you. The killer bee barely misses you.
You scratch the killer bee but do no damage.
Your claw misses the killer bee.
The killer bee is severely wounded.
You feel sick. The killer bee barely misses you. The kobold closely misses you.
The killer bee stings you.
You are more poisoned.
The killer bee poisons you! The kobold barely misses you.
You mangle the killer bee!!
You kill the killer bee!
Trog accepts your kill.
You feel very sick. The kobold hits you but does no damage.
You feel very sick. The kobold barely misses you.
You miss the kobold.
You feel sick. The kobold hits you but does no damage.
You mangle the kobold!!
You kill the kobold!
Trog accepts your kill.
You feel sick.
You feel sick.
There is a stone staircase leading down here.
Okay, then.
You feel better.
The two-headed ogre barely misses you. x2
You feel drained.
You fail to use your ability.
The two-headed ogre hits you with a +0 giant club!! x2
* * * LOW HITPOINT WARNING * * *
You feel yourself speed up.
The two-headed ogre hits you with a +0 giant club!!
* * * LOW HITPOINT WARNING * * *
The two-headed ogre hits you but does no damage.
You see here a +0 dagger.
The two-headed ogre hits you with a +0 giant club!
You die...

#.....# #..# #.....#########..#
#### #................# ...#
#.....#.####....## ##### ##.#
#.....#.# #.#### #.... #.#
###.###h# #.# #.### #.# #.#
#.####.# #.# ##.##
##########...##.# #.#
....###.........@).##.# #.#
##..##..##.#.#.#.O>##.# #.#
#....#.##.######...##.# #.#
#.####..##.#.#.#...##.#######.#
..# ###..##.#.#######.........#
#.###.##.#####.# ###########
#....##..#..#.##
######..###.#..#
##.......#######


You could see a two-headed ogre and a black bear.

Vanquished Creatures
  An unseen horror (D:6)
  6 yaks
  A black bear (D:5)
  2 ice beasts
  A necrophage (D:4)
  3 centaurs
  3 phantoms (D:5)
  2 bullfrogs (D:6)
  A kobold brigand (D:4)
  A gnoll sergeant (D:7)
  A water moccasin skeleton (D:6)
  A killer bee (D:6)
  2 hounds
  A gnoll shaman (D:5)
  An iron imp (D:5)
  2 orc priests
  A hound zombie (D:5)
  14 gnolls
  A howler monkey skeleton (D:6)
  An adder skeleton (D:4)
  A worm (D:3)
  2 dart slugs
  9 orcs
  13 endoplasms
  A giant cockroach (D:4)
  5 goblins
  7 hobgoblins
  16 jackals
  11 kobolds
  6 quokkas
  7 ball pythons
  4 bats
  7 frilled lizards
  10 rats
  A spectral hobgoblin (D:4)
146 creatures vanquished.

Vanquished Creatures (others)
  7 toadstools (D:1)
7 creatures vanquished.

Grand Total: 153 creatures vanquished

Notes
Turn   | Place    | Note
-------+----------+-------------------------------------------
     0 | D:1      | wesbby the Troll Berserker began the quest for the Orb.
     0 | D:1      | Reached XP level 1. HP: 22/22 MP: 0/0
   236 | D:1      | Found Qesilyts's Weapon Shoppe.
   288 | D:1      | Reached XP level 2. HP: 29/29 MP: 1/1
   448 | D:1      | Reached ** piety under Trog
   449 | D:1      | Reached XP level 3. HP: 36/36 MP: 2/2
  1560 | D:2      | Reached skill level 4 in Unarmed Combat
  1724 | D:2      | Found a sparkling altar of Nemelex Xobeh.
  1830 | D:3      | Reached XP level 4. HP: 44/44 MP: 3/3
  1954 | D:3      | Found a shadowy altar of Dithmenos.
  2000 | D:3      | Reached *** piety under Trog
  2378 | D:4      | Noticed a necrophage
  2396 | D:4      | Killed a necrophage
  2397 | D:4      | Reached skill level 5 in Unarmed Combat
  2397 | D:4      | Reached XP level 5. HP: 47/53 MP: 4/4
  2437 | D:4      | Found a glowing golden altar of the Shining One.
  2467 | D:4      | Found a hazy altar of Hepliaklqana.
  2490 | D:4      | Found a hide-covered altar of Uskayaw.
  2643 | D:4      | Reached XP level 6. HP: 61/61 MP: 5/5
  3221 | D:5      | Entered Level 5 of the Dungeon
  3227 | D:5      | Reached skill level 6 in Unarmed Combat
  3230 | D:5      | Found a snail-covered altar of Cheibriados.
  3366 | D:5      | Reached **** piety under Trog
  3367 | D:5      | Reached XP level 7. HP: 56/67 MP: 6/6
  3507 | D:5      | Reached skill level 7 in Unarmed Combat
  3592 | D:5      | Found a sparkling altar of Nemelex Xobeh.
  4081 | D:5      | Identified a scroll of acquirement
  4081 | D:5      | Acquired the ring of Gohaele {rCorr Int+3 SInv}
  4182 | D:6      | Found a staircase to the Ecumenical Temple.
  4278 | D:6      | Reached skill level 8 in Unarmed Combat
  4278 | D:6      | Reached XP level 8. HP: 59/78 MP: 7/7
  4614 | D:6      | Found a shimmering blue altar of Sif Muna.
  4837 | D:6      | Noticed an unseen horror
  4845 | D:6      | Killed an unseen horror
  4846 | D:6      | Reached skill level 9 in Unarmed Combat
  5290 | D:6      | Was placed under penance by Trog
  5292 | D:6      | Learned a level 1 spell: Beastly Appendage
  5348 | D:7      | Reached skill level 5 in Dodging
  5408 | D:6      | Reached skill level 10 in Unarmed Combat
  5408 | D:6      | Reached XP level 9. HP: 51/84 MP: 8/8
  5560 | D:6      | Noticed a two-headed ogre
  5560 | D:6      | Noticed a polar bear
  5656 | D:7      | Noticed Harold
  5712 | D:6      | HP: 1/79 [two-headed ogre[the rage of Trog] (19)]
  5714 | D:6      | Mangled by a two-headed ogre

Illustrated notes

Levels and vault maps discovered:
D:1:      nagdon_arrival_double_spiral, layout_loops_corners, serial_shops,
          nicolae_shop_crystal
D:2:      layout_basic, basic_altar, minmay_distorted
D:3:      layout_rooms, nicolae_dithmenos_the_darkroom, minmay_misc_feat_iff,
          minmay_unequal
D:4:      layout_cave_pods, nicolae_hepliaklqana_monster_ancestors,
          eat_drink_and_be_merry_uskayaw, kennysheep_little_box,
          serial_park_tiny_1, minmay_close_crescents
D:5:      layout_loops_ring, slow_altar_1, lemuel_round_altar
D:6:      layout_loops_ring, nicolae_sif_muna_little_library,
          minmay_temple_entry_proselytizer, minmay_small_thing
D:7:      layout_loops_ring, uniq_harold

Skill      XL: |  1  2  3  4  5  6  7  8 |
---------------+-------------------------+-----
Dodging        | 3 4 5 |  5.5
Unarmed Combat | 4 5 6 8 10 | 10.9
Fighting       | 3 4 |  4.4
Stealth        | |  0.2

Action                   |  1- 3 |  4- 6 |  7- 9 || total
-------------------------+-------+-------+-------++-------
Melee: Unarmed           |   122 |   144 |   132 ||   398
       Punch             |       |     1 |     9 ||    10
  Use: Scroll            |     3 |     2 |    11 ||    16
       Potion            |     1 |       |     5 ||     6
Armor: Animal skin       |    48 |    26 |    35 ||   109
Dodge: Dodged            |    73 |    60 |    89 ||   222

Table legend: (Time is in decaauts)
 A = Elapsed time spent in this place.
 B = Non-inter-level travel time spent in this place.
 C = Inter-level travel time spent in this place.
 D = Time resting spent in this place.
 E = Time spent auto-exploring this place.
 F = Levels seen in this place.
 G = Mean time per level.
                   A        B        C        D        E       F      G
               +--------+--------+--------+--------+--------+-----+--------+
         Total |   5742 |   5154 |    588 |      0 |   3999 |   7 |  820.3 |
       Dungeon |   5742 |   5154 |    588 |      0 |   3999 |   7 |  820.3 |
               +--------+--------+--------+--------+--------+-----+--------+

Top non-repeatable levels by time:
     D:6: 1263 daAuts
     D:1: 1139 daAuts
     D:5: 929 daAuts
     D:4: 921 daAuts
     D:2: 754 daAuts
     D:3: 487 daAuts
     D:7: 246 daAuts
